 Dungeon Crawl Stone Soup version 0.28.0-53-g5a82cb258f (webtiles) character file.

Game seed: 1815710137218024792

34570 oldmanjim the Grappler (level 13, -5/128 HPs)
             Began as a Yellow Draconian Transmuter on Aug 18, 2022.
             Was a High Priest of Okawaru.
             Slain by a cane toad (17 damage)
             ... on level 5 of the Lair of Beasts on Aug 22, 2022.
             The game lasted 03:29:03 (27956 turns).

oldmanjim the Grappler (DrTm)                      Turns: 27956, Time: 03:29:03

Health: -5/128     AC: 12    Str: 14    XL:     13   Next: 42%
Magic:  19/23      EV: 10    Int: 17    God:    Okawaru [*****.]
Gold:   470        SH:  0    Dex: 12    Spells: 9/26 levels left

rFire   x . .      SeeInvis .     - Unarmed
rCold   + + +      Faith    +   (shield currently unavailable)
rNeg    + . .      Spirit   .   (armour unavailable)
rPois   +          Reflect  .   (helmet currently unavailable)
rElec   .          Harm     .   (cloak currently unavailable)
rCorr   .          Rampage  .   (gloves currently unavailable)
Will    +....                   (boots currently unavailable)
Stlth   +.........              X - amulet of faith
HPRegen 0.31/turn               I - ring of Liyhuckiomp {rN+ Will+}
MPRegen 0.18/turn               J - +4 ring of protection

@: ice-form
A: freezing attack, amphibious, boosted hp, (spit acid), AC +8, large, unfitting
armour, (cold-blooded), (acid resistance)
a: End Transformation, Renounce Religion, Heroism, Finesse, Duel


You were on level 5 of the Lair of Beasts.
You worshipped Okawaru.
Okawaru was extremely pleased with you.
You were a creature of crystalline ice.
You visited 3 branches of the dungeon, and saw 17 of its levels.
You also visited: Volcano.

You collected 947 gold pieces.
You spent 477 gold pieces at shops.

Inventory:

Hand Weapons
 b - a +3 vorpal hunting sling
 K - a +5 arbalest of flaming
Missiles
 a - 13 sling bullets
 f - 261 arrows
 k - 447 stones
 q - 2 throwing nets
 B - 37 poisoned darts
 D - 6 silver javelins (quivered)
 F - 6 bolts
 G - 10 boomerangs
 N - 3 atropa-tipped darts
Armour
 r - a scarf of invisibility
 t - a scarf of resistance (melded)
 v - a +2 pair of boots (melded)
 w - a +2 hat of stealth (melded)
 U - the +1 pair of gloves of Duolaf (melded) {Stlth+}
   (Okawaru gifted it to you on level 3 of the Lair of Beasts)

   Stlth:     It makes you more stealthy.
Jewellery
 e - a ring of fire
 j - a ring of flight
 I - the ring of Liyhuckiomp (left front paw) {rN+ Will+}
   (You bought it in a shop on level 4 of the Dungeon)

   [ring of positive energy]

   rN:        It protects you from negative energy.
   Will:      It increases your willpower.
 J - a +4 ring of protection (right front paw)
 T - a ring of poison resistance
 X - an amulet of faith (around neck)
 Z - a ring of see invisible
Wands
 h - a wand of flame (11)
 l - a wand of paralysis (15)
 o - a wand of iceblast (18)
 O - a wand of acid (4)
Scrolls
 c - 2 scrolls of holy word
 d - a scroll of magic mapping
 g - 7 scrolls of teleportation
 x - 4 scrolls of fear
 y - 2 scrolls of fog
 C - 4 scrolls of immolation
 L - a scroll of amnesia
 Q - a scroll of summoning
Potions
 i - 7 potions of ambrosia
 m - 2 potions of brilliance
 n - 3 potions of invisibility
 p - 2 potions of haste
 s - 2 potions of flight {unknown}
 z - 4 potions of might
 A - 4 potions of mutation
 E - a potion of lignification {unknown}
 H - a potion of attraction
 R - a potion of resistance
 S - a potion of heal wounds {unknown}
 V - a potion of magic {unknown}
Miscellaneous
 M - a phial of floods


   Skills:
 + Level 7.8 Fighting
 - Level 1.7 Dodging
 + Level 14.0 Unarmed Combat
 - Level 7.0 Spellcasting
 + Level 9.5 Transmutations
 - Level 5.0 Ice Magic
 + Level 5.9 Air Magic
 - Level 4.0 Earth Magic
 - Level 3.0 Poison Magic
 - Level 10.0 Invocations


You had 9 spell levels left.
You knew the following spells:

 Your Spells              Type           Power      Damage    Failure   Level
a - Beastly Appendage     Tmut           76%        N/A       1%          1
b - Storm Form            Tmut/Air       16%        N/A       99%         7
c - Ice Form              Ice/Tmut       30%        N/A       6%          4
d - Passwall              Tmut/Erth      24%        N/A       1%          2
e - Frozen Ramparts       Ice            44%        1d6       4%          3

Your spell library contained the following spells:

 Spells                   Type           Power      Damage    Failure   Level
 Freeze                   Ice            88%        1d10      1%          1
 Wereblood                Tmut           38%        N/A       1%          2
 Sandblast                Erth           38%        2d10      2%          1
 Spider Form              Tmut/Pois      27%        N/A       2%          3
 Swiftness                Air            26%        N/A       3%          3
 Ozocubu's Armour         Ice            22%        N/A       4%          3
 Corpse Rot               Necr/Air       32%        N/A       5%          2
 Ensorcelled Hibernation  Hex/Ice        28%        N/A       6%          2
 Stone Arrow              Conj/Erth      24%        3d8       16%         3
 Hailstorm                Conj/Ice       14%        3d5       38%         4
 Anguish                  Hex/Necr       2%         N/A       75%         4
 Dispel Undead            Necr           5%         3d7       75%         4
 Metabolic Englaciation   Hex/Ice        7%         N/A       75%         5
 Maxwell's Capacitive Co  Air            13%        ∞         100%        8
 Summon Small Mammal      Summ           Unusable   N/A       N/A         1
 Call Canine Familiar     Summ           Unusable   N/A       N/A         3
 Summon Guardian Golem    Hex/Summ       Unusable   N/A       N/A         3
 Summon Lightning Spire   Summ/Air       Unusable   N/A       N/A         4
 Summon Ice Beast         Ice/Summ       Unusable   N/A       N/A         4
 Simulacrum               Ice/Necr       Unusable   N/A       N/A         6
 Death Channel            Necr           Unusable   N/A       N/A         6

Dungeon Overview and Level Annotations

Branches:
Dungeon (10/15)            Temple (1/1) D:5            Lair (6/6) D:10
  Swamp (0/4) Lair:2        Snake (0/4) Lair:4        Slime (0/5) Lair:5
Volcano (visited)
    Orc: D:9-12

Altars:
Ashenzari
Cheibriados
Dithmenos
Elyvilon
Fedhas
Gozag
Hepliaklqana
Kikubaaqudgha
Makhleb
Nemelex Xobeh
Okawaru
Qazlal
Ru
Sif Muna
Trog
Uskayaw
Vehumet
Wu Jian
Xom
Yredelemnul
Zin
The Shining One
Jiyva

Shops:
D:1 [   D:3 ?((   D:4 (([=*

Annotations:
D:4 1 runed translucent door, Diggabert's ghost, amateur VSFi
D:6 1 runed translucent door, Wentworth's ghost, novice DjIE
D:10 exclusions: ice statue and orange crystal statue
Lair:3 exclusion: boulder beetle
Lair:4 exclusion: 3 oklob plants


Innate Abilities, Weirdness & Mutations

You are a creature of crystalline ice.
You have a powerful freezing melee attack.
You are amphibious.
Your maximum health is increased.
Your armour is entirely melded.
You are incapable of wielding weapons or throwing items.
((You can spit globs of acid.))
((Your golden yellow scales are hard. (AC +8)))
You cannot fit into any form of body armour.
((You are cold-blooded and may be slowed by cold attacks.))
((You are resistant to acid. (rCorr)))


Message History

Throw: 7 javelins (silver)
Press: ? - help, Q - select action, (/) - cycle Shift-Dir - straight line, f/p - wind drake
Aim: a wind drake (almost dead, repelling missiles, 2% to hit)
You throw a silver javelin.
The silver javelin closely misses the wind drake.
A cane toad comes into view.
The wind drake flaps its wings at you. The air twists around and strikes you!!
* * * LOW HITPOINT WARNING * * *
The cane toad gives a loud, deep croak!
You punch the wind drake!
You kill the wind drake!
Okawaru accepts your kill.
You see here a wind drake corpse.
You see here a hydra corpse.
There is a stone staircase leading up here.
The cane toad stings you!
* * * LOW HITPOINT WARNING * * *
You climb upwards.
There is a stone staircase leading down here.
The cane toad stings you!
* * * LOW HITPOINT WARNING * * *
You are lethally poisoned!
The cane toad poisons you!
You feel better. The cane toad closely misses you.
Casting: Frozen Ramparts (mildly dangerous; 4% risk of failure)
Confirm with . or Enter, or press ? or * to list all spells.
Your horns disappear.
Your talons disappear.
Your +2 hat of stealth unmelds from your body.
Your +2 pair of boots unmelds from your body.
You feel stealthy.
You turn into a creature of crystalline ice.
Your scarf of resistance melds into your body.
Your +2 hat of stealth melds into your body.
The +1 pair of gloves of Duolaf {Stlth+} melds into your body.
Your +2 pair of boots melds into your body.
You feel hot and cold all over.
You feel less stealthy.
The cane toad stings you but does no damage.
The cane toad stings you!
You die...

..#................#.......#._>.P
#..#.#...........................
...##.................#..........
...##..#......................#.#
..................P..............
...............>>..######÷#......
..........###.....## #.÷.....#
...##......###..F.# ##...#..##
..####....## ###Y.## #.........
...##......# #...# ##........
..####....## ##..## ##......#
..###.....# #P..# ##.##..#.
...###....## ##..# #........ P.##
##.##.# #### ##....... ### #.####
#...#...# # ### ##......#
##......


You could see a cane toad.

Vanquished Creatures
  A two-headed ogre (D:9)
  3 hydras (Lair:6)
  A merfolk avatar (Lair:6)
  Erica (D:10)
  7 death yaks
  Urug (D:10)
  A harpy (Lair:6)
  A lindwurm (Lair:4)
  A faun (Lair:5)
  2 elephants
  A molten gargoyle (Volcano)
  3 black mambas
  A gargoyle (Volcano)
  7 komodo dragons
  2 rime drakes (Lair:6)
  7 cane toads
  A wind drake (Lair:6)
  A queen bee (D:9)
  2 hornets (Lair:6)
  2 polar bears (Lair:6)
  3 blink frogs (Lair:1)
  26 yaks
  Sigmund (D:5)
  4 wyverns
  5 basilisks
  2 fire elementals (Volcano)
  3 fire bats (Lair:3)
  Eustachio (D:4)
  A steam dragon (Lair:4)
  4 vampire mosquitoes (Lair:2)
  Edmund (D:4)
  An acid dragon (D:9)
  13 water moccasins
  2 ice beasts
  2 sky beasts (D:7)
  An orc warrior (D:5)
  A black bear (D:10)
  A necrophage (D:4)
  39 wolves
  4 centaurs
  2 ogres
  A phantom (D:4)
  3 kobold brigands
  8 bullfrogs
  A wyvern zombie (D:8)
  A water moccasin skeleton (D:4)
  35 killer bees
  14 wights
  3 howler monkeys (D:10)
  2 bullfrog zombies
  6 centaur zombies
  A gnoll shaman (D:7)
  4 orc priests
  2 jellies
  2 bullfrog skeletons (D:7)
  A centaur skeleton (D:6)
  3 iron imps (D:5)
  2 iguanas
  16 orc wizards
  2 hound skeletons
  8 gnolls
  A howler monkey zombie (D:9)
  6 adders
  A white imp (D:8)
  An ufetubus (D:4)
  3 worms
  4 dart slugs
  44 orcs
  8 endoplasms
  7 giant cockroaches
  7 goblins
  11 hobgoblins
  3 jackals (D:2)
  6 quokkas
  13 ball pythons
  8 bats
  6 frilled lizards
  24 kobolds
  5 rats
436 creatures vanquished.

Vanquished Creatures (others)
  39 fungi
  74 plants
113 creatures vanquished.

Grand Total: 549 creatures vanquished

Notes
Turn   | Place    | Note
-------+----------+-------------------------------------------
     0 | D:1      | oldmanjim the Draconian Transmuter began the quest for the
                  | Orb.
     0 | D:1      | Reached XP level 1. HP: 16/16 MP: 3/3
   488 | D:1      | Found Usephev's Armour Shoppe.
   502 | D:1      | Reached XP level 2. HP: 20/23 MP: 5/5
   806 | D:1      | Reached XP level 3. HP: 27/28 MP: 5/7
  1688 | D:2      | Reached XP level 4. HP: 33/35 MP: 6/8
  2069 | D:2      | Learned a level 3 spell: Spider Form
  2681 | D:3      | Reached skill level 1 in Poison Magic
  3062 | D:3      | Found Dyotiw's Antique Weapon Emporium.
  3314 | D:3      | Found Muram's Antique Weapon Emporium.
  3314 | D:3      | Found Qikk's Magic Scroll Emporium.
  3322 | D:3      | Bought a scroll of fear for 49 gold pieces
  3322 | D:3      | Bought a scroll of teleportation for 42 gold pieces
  3322 | D:3      | Bought a scroll of fog for 28 gold pieces
  3410 | D:3      | Reached XP level 5. HP: 40/40 MP: 9/9
  3467 | D:4      | Found Qokkiz's Jewellery Shop.
  3474 | D:4      | Noticed a phantom
  3491 | D:4      | Killed a phantom
  3543 | D:4      | Noticed Edmund
  3553 | D:4      | Found Veep Xyt's Weapon Shoppe.
  3559 | D:4      | Killed Edmund
  3560 | D:4      | Reached skill level 5 in Transmutations
  3560 | D:4      | Reached XP level 6. HP: 33/48 MP: 4/10
  3823 | D:4      | Found Moeck's Weapon Shop.
  3905 | D:4      | Found a runed translucent door.
  3905 | D:4      | Noticed Diggabert's ghost (amateur VSFi)
  4010 | D:4      | Found Tylal's Antique Armour Boutique.
  4164 | D:4      | Noticed Eustachio
  4180 | D:4      | Killed Eustachio
  4181 | D:4      | Reached skill level 4 in Unarmed Combat
  4326 | D:4      | Found a hide-covered altar of Uskayaw.
  4399 | D:4      | Reached skill level 5 in Unarmed Combat
  4399 | D:4      | Your scales start taking on a golden yellow colour.
  4399 | D:4      | Reached XP level 7. HP: 39/55 MP: 4/11
  4399 | D:4      | Gained mutation: You are resistant to acid. (rCorr) [Yellow
                  | Draconian growth]
  4585 | D:4      | Found a snail-covered altar of Cheibriados.
  4834 | D:4      | Found an iron altar of Okawaru.
  4835 | D:4      | Found a blossoming altar of Fedhas.
  4836 | D:4      | Found a basalt altar of Yredelemnul.
  4836 | D:4      | Found an ornate altar of the Wu Jian Council.
  4842 | D:4      | Became a worshipper of Warmaster Okawaru
  4986 | D:4      | Found Hawur's General Store.
  5100 | D:5      | Entered Level 5 of the Dungeon
  5188 | D:5      | Noticed Sigmund
  5202 | D:5      | Killed Sigmund
  5203 | D:5      | Reached skill level 6 in Unarmed Combat
  5203 | D:5      | Reached skill level 1 in Invocations
  5207 | D:5      | Reached * piety under Okawaru
  5208 | D:5      | Reached XP level 8. HP: 52/62 MP: 11/14
  5275 | D:5      | Learned a level 4 spell: Ice Form
  5297 | D:5      | Found a sparkling altar of Nemelex Xobeh.
  5626 | D:5      | Reached skill level 1 in Ice Magic
  6055 | D:5      | Found a staircase to the Ecumenical Temple.
  6065 | Temple   | Entered the Ecumenical Temple
  6350 | D:5      | Found a burning altar of Makhleb.
  6467 | D:5      | Learned a level 2 spell: Passwall
  6555 | D:6      | Reached skill level 7 in Unarmed Combat
  6939 | D:6      | Reached ** piety under Okawaru
  7226 | D:6      | Found an opulent altar of Gozag.
  7226 | D:6      | Found a glowing silver altar of Zin.
  7356 | D:6      | Found a runed translucent door.
  7360 | D:6      | Noticed Wentworth's ghost (novice DjIE)
  7695 | D:6      | Found a runed translucent door.
  8042 | D:6      | Found an opulent altar of Gozag.
  8043 | D:6      | Found a glowing silver altar of Zin.
  8164 | D:7      | Found a white marble altar of Elyvilon.
  8261 | D:7      | Reached XP level 9. HP: 69/69 MP: 11/15
  8582 | D:7      | Reached skill level 5 in Invocations
  8749 | D:7      | You are sucked into a shaft and drop 2 floors!
  8755 | D:9      | Noticed a queen bee
  8912 | D:9      | Reached skill level 8 in Unarmed Combat
 10440 | D:7      | Reached skill level 5 in Ice Magic
 10878 | D:8      | Reached skill level 5 in Spellcasting
 11031 | D:8      | Identified the +2 war axe "Lyn Yroutua" {vorpal, Str-4
                  | Dex+7}
 11810 | D:8      | Reached *** piety under Okawaru
 11929 | D:8      | Found a shimmering blue altar of Sif Muna.
 12438 | D:9      | Noticed a two-headed ogre
 12993 | D:9      | Reached XP level 10. HP: 58/80 MP: 9/17
 13250 | D:9      | Found the +8 orange crystal plate armour {Archmagi, Int+3
                  | Clar}
 13642 | D:4      | Bought the ring of Liyhuckiomp {rN+ Will+} for 358 gold
                  | pieces
 13764 | D:9      | Reached skill level 5 in Fighting
 14631 | D:9      | Learned a level 3 spell: Frozen Ramparts
 14636 | D:9      | Reached **** piety under Okawaru
 14656 | D:9      | Reached skill level 9 in Unarmed Combat
 15391 | D:9      | Killed a two-headed ogre
 15684 | D:10     | Entered Level 10 of the Dungeon
 15789 | D:10     | Noticed an orange crystal statue
 16211 | D:10     | Noticed Erica
 16253 | D:10     | Killed Erica
 16253 | D:10     | Reached ***** piety under Okawaru
 16757 | D:10     | Reached skill level 10 in Unarmed Combat
 16819 | D:10     | Reached XP level 11. HP: 67/86 MP: 18/21
 17175 | D:10     | Noticed a death yak
 17205 | D:10     | Killed a death yak
 17205 | D:10     | Received a gift from Okawaru
 17436 | D:10     | Found a staircase to the Lair.
 17685 | D:10     | Noticed Urug
 17696 | D:10     | Killed Urug
 18206 | Lair:1   | Entered Level 1 of the Lair of Beasts
 18549 | Lair:1   | Received a gift from Okawaru
 18709 | Lair:1   | Reached skill level 11 in Unarmed Combat
 19921 | Lair:2   | Found a staircase to the Swamp.
 20048 | Lair:2   | Reached skill level 12 in Unarmed Combat
 20330 | Lair:3   | Identified the +1 pair of gloves of Duolaf {Stlth+}
                  | (Okawaru gifted it to you on level 3 of the Lair of Beasts)
 20330 | Lair:3   | Received a gift from Okawaru
 20331 | Lair:3   | Reached skill level 1 in Earth Magic
 20344 | Lair:3   | Found a dark tunnel.
 20355 | Volcano  | Entered a volcano
 20809 | Lair:3   | Reached XP level 12. HP: 97/97 MP: 17/22
 20839 | Lair:3   | Found the +1 robe of Vines {NoPotionHeal Regen++++}
 21250 | Lair:3   | Noticed a boulder beetle
 21253 | Lair:3   | Noticed a six-headed hydra
 21290 | Lair:4   | Noticed a death yak
 21353 | Lair:4   | Killed a death yak
 21465 | Lair:4   | Noticed a death yak
 21530 | Lair:4   | Noticed a death yak
 21533 | Lair:4   | Noticed a death yak
 21539 | Lair:4   | Noticed a death yak
 21543 | Lair:3   | Killed a death yak
 21550 | Lair:3   | Killed a death yak
 21780 | Lair:4   | Found a staircase to the Snake Pit.
 22337 | Lair:4   | Learned a level 7 spell: Storm Form
 22777 | Lair:4   | Noticed a death yak
 23070 | Lair:4   | Reached skill level 1 in Air Magic
 23130 | Lair:4   | Killed a death yak
 23256 | Lair:4   | Received a gift from Okawaru
 23268 | Lair:4   | Killed a death yak
 23275 | Lair:4   | Killed a death yak
 23276 | Lair:4   | Reached skill level 13 in Unarmed Combat
 23574 | Lair:4   | Reached skill level 10 in Invocations
 24290 | Lair:4   | HP: 5/100 [oklob plant/splash of acid (14)]
 24707 | Lair:5   | Identified the +1 robe "Jihetek" {-Tele rN+ Str+2 Int+7}
 25011 | Lair:5   | Found a viscous altar of Jiyva.
 25011 | Lair:5   | Found a staircase to the Slime Pits.
 26212 | Lair:5   | Reached XP level 13. HP: 87/105 MP: 19/23
 26420 | Lair:6   | Entered Level 6 of the Lair of Beasts
 26777 | Lair:6   | Reached skill level 5 in Air Magic
 26971 | Lair:6   | Reached ****** piety under Okawaru
 26990 | Lair:6   | Received a gift from Okawaru
 27248 | Lair:6   | Received a gift from Okawaru
 27684 | Lair:6   | Reached skill level 14 in Unarmed Combat
 27953 | Lair:5   | HP: 3/107 [cane toad (16)]
 27956 | Lair:5   | Slain by a cane toad

Illustrated notes

Levels and vault maps discovered:
D:1:      dpeg_arrival_shelter, layout_basic, serial_shops,
          nicolae_diamond_shop, st_stairs_8
D:2:      layout_basic, nicolae_figureground_sparkle
D:3:      wad_lake_hut, layout_rooms, serial_shops, nicolae_shop_statue_plus,
          shop_fountains, shop, st_stairs_4, minmay_door_square,
          amcnicky_mini_rare_corridor_liquid
D:4:      layout_loops_ring, mainiacjoe_overflow_alcove_3,
          mainiacjoe_overflow_24_doors, kennysheep_mini,
          ebering_ghost_inner_flame, serial_shops,
          nicolae_shop_advertising_works [nicolae_subvault_shop_adworks], shop,
          nicolae_lakefront_shop, shop, nicolae_shop_waterfront, chequers_jeans,
          uniq_edmund, uniq_eustachio
D:5:      layout_rooms, kennysheep_little_box, demons_altar, temple_hall,
          uniq_sigmund
D:6:      layout_basic, grunt_temple_overflow_gold_and_silver,
          ebering_ghost_sewer_d
D:7:      layout_layer_cave, mainiacjoe_overflow_surrounded_room
D:8:      layout_cave_pods, led_sif_book
D:9:      layout_roguey [special_room_bee], grunt_ministairs_14
D:10:     minmay_separated_statues, layout_irregular_city, david_lair_generic,
          uniq_urug, uniq_erica
Temple:   jpeg_temple_alley_garden
Lair:1:   layout_misc_corridors
Lair:2:   layout_loops_ring, minmay_swamp_entry_swarm,
          chequers_serial_rivers_marsh, minmay_holes, hibernation_bobbens,
          serial_bayou_shore_b
Lair:3:   layout_chaotic_city, nicolae_volcano_entry_batcave,
          grunt_megastairs_5, serial_bayou_shore_b
Lair:4:   layout_roguey, dummy_snake_entry, dpeg_oklob_1, grunt_megastairs_2
Lair:5:   layout_small_grid, slime_altar_1, minivault_26,
          grunt_forest_large_clearings
Lair:6:   gammafunk_lair_ancient_temple, layout_layer_cave

Skill      XL: |  1  2  3  4  5  6  7  8  9 10 11 12 13 |
---------------+----------------------------------------+-----
Transmutations | 3 4 5 7 8 9 |  9.5
Spellcasting   | 3 4 5 7 |  7.0
Poison Magic   | 1 3 |  3.0
Fighting       | 2 3 4 5 6 7 |  7.8
Unarmed Combat | 5 6 7 8 10 12 13 14 | 14.0
Invocations    | 1 4 5 7 8 10 | 10.0
Ice Magic      | 3 5 |  5.0
Earth Magic    | 2 4 |  4.0
Air Magic      | 4 5 |  5.9
Dodging        | |  1.7

Action                   |  1- 3 |  4- 6 |  7- 9 | 10-12 | 13-15 || total
-------------------------+-------+-------+-------+-------+-------++-------
Melee: Unarmed           |    84 |    87 |   308 |   525 |   131 ||  1135
       Headbutt          |    17 |    11 |     9 |    49 |    15 ||   101
       Kick              |    16 |    14 |    10 |    88 |    25 ||   153
       Tailslap          |     6 |     3 |    10 |    48 |    13 ||    80
       Punch             |     2 |     1 |       |    17 |     9 ||    29
       Hunting sling     |       |       |     5 |       |       ||     5
 Fire: Hunting sling     |    11 |    70 |   154 |   113 |     1 ||   349
       Hand crossbow     |       |       |       |    53 |       ||    53
Throw: Dart              |       |       |       |     3 |     7 ||    10
       Boomerang         |       |       |       |    35 |     6 ||    41
       Javelin           |       |       |       |     3 |     2 ||     5
 Cast: Beastly Appendage |    26 |    25 |     7 |    40 |     7 ||   105
       Spider Form       |       |     5 |    34 |     1 |       ||    40
       Ice Form          |       |       |     9 |    36 |     9 ||    54
       Frozen Ramparts   |       |       |       |    72 |    11 ||    83
Invok: Heroism           |       |       |       |       |     1 ||     1
       Finesse           |       |       |       |       |     1 ||     1
 Abil: Breathe Acid      |       |       |    18 |    25 |     2 ||    45
       End Transformatio |       |       |       |     1 |     1 ||     2
Evoke: Wand              |       |     1 |     2 |       |     1 ||     4
  Use: Scroll            |     1 |     3 |    12 |     6 |       ||    22
       Potion            |       |       |     3 |       |     1 ||     4
 Stab: Sleeping          |     2 |     1 |       |       |       ||     3
       Paralysed         |       |     7 |     3 |       |       ||    10
Armor: Skin              |    19 |    25 |   157 |   231 |    63 ||   495
Dodge: Dodged            |    56 |    87 |   368 |   361 |    73 ||   945
